 Dungeon Crawl Stone Soup version 0.31-a0-325-g067879e3d3 (webtiles) character file.

Game seed: 1470855348543978675

894 AIAndy the Ruffian (level 8, -2/50 HPs)
             Began as an Octopode Shapeshifter on July 18, 2023.
             Was an Initiate of Qazlal.
             Slain by Edmund
             ... wielding a +2 heavy flail
              (15 damage)
             ... on level 5 of the Dungeon.
             The game lasted 00:11:41 (4688 turns).

AIAndy the Ruffian (Octopode Shapeshifter)          Turns: 4688, Time: 00:11:41

Health: -2/50      AC:  1    Str: 16    XL:     8   Next: 6%
Magic:  8/8        EV: 12    Int: 16    God:    Qazlal [......]
Gold:   227        SH:  6    Dex: 13    Spells: 7/7 levels left

rFire   . .          .
                       - Unarmed
rCold   . . .        e - +2 buckler {reflect}
rNeg    . . .        (helmet currently unavailable)
rPois   .            (no amulet)
rElec   .            L - ring of flight
rCorr   .            y - ring of willpower
SInv    .            I - +6 ring of intelligence
Will    +....        (no ring)
Stlth   ++           (no ring)
HPRegen 0.28/turn    (no ring)
MPRegen 0.11/turn    (no ring)
                     (no ring)

%: reflection
@: beast-form, flying
A: beast (slay +4), almost no armour, amphibious, 8 rings, camouflage 1,
gelatinous body 1, (nimble swimmer 1), tentacles
a: Begin Untransformation, Renounce Religion


You were on level 5 of the Dungeon.
You worshipped Qazlal.
Qazlal was noncommittal.
You were a hulking beast.
You visited 1 branch of the dungeon, and saw 5 of its levels.
You also visited: Sewer.

You collected 227 gold pieces.


Innate Abilities, Weirdness & Mutations

You are a hulking beast.
Your limbs bulge with bestial killing power. (Slay +4)
You cannot wear most types of armour.
You are amphibious.
You can wear up to eight rings at the same time.
Your skin changes colour to match your surroundings (Stealth+).
Your rubbery body absorbs attacks. (AC +1, EV +1)
((You are camouflaged when in or above water. (Stealth+)))
You have tentacles for arms and can constrict up to eight enemies at once.


   Skills:
 - Level 2.0 Fighting
 - Level 2.0 Dodging
 + Level 6.5 Unarmed Combat
 + Level 6.0 Shapeshifting


You had 7 spell levels left.
You didn't know any spells.
Your spell library contained the following spells:

 Spells                   Type           Power      Damage    Failure   Level
 Sting                    Tmut/Pois      0%         1d3       32%         1
 Poisonous Vapours        Pois/Air       0%         N/A       45%         2
 Call Canine Familiar     Summ           0%         N/A       69%         3
 Olgreb's Toxic Radiance  Pois           0%         N/A       97%         4
 Summon Cactus Giant      Summ           0%         N/A       100%        6
 Malign Gateway           Summ/Tloc      0%         N/A       100%        7

Inventory:

Missiles
 t - 4 curare-tipped darts {=f}
 w - 2 boomerangs
 x - 3 poisoned darts
Armour
 e - a +2 buckler of reflection (worn)
Magical Staves
 B - a staff of death
 C - a staff of cold
Jewellery
 y - a ring of willpower (right tentacle)
 I - a +6 ring of intelligence (on tentacle)
 L - a ring of flight (left tentacle)
Talismans
 b - a beast talisman
Wands
 q - a wand of iceblast (7)
Scrolls
 c - a scroll of poison {unknown}
 d - 4 scrolls of teleportation {@r4}
 g - a scroll of revelation {unknown}
 i - a scroll of enchant armour {unknown}
 k - 2 scrolls of vulnerability {unknown}
 l - a scroll of torment {unknown}
 m - a scroll of silence {!r}
 o - a scroll of fog {unknown}
 u - a scroll of blinking {unknown}
 v - a scroll of enchant weapon {unknown}
 z - a scroll of immolation {unknown}
Potions
 a - a potion of lignification {!q}
 f - a potion of curing {unknown}
 j - 2 potions of heal wounds {@q2}
 p - 3 potions of brilliance
 r - a potion of enlightenment
 A - a potion of might {unknown}
 D - a potion of haste {@q3}

Dungeon Overview and Level Annotations

Branches:
Dungeon (5/15)             Temple (0/1) D:5           Sewer (visited)

Altars:
Dithmenos
Fedhas
Kikubaaqudgha
Qazlal

Shops:
D:2 [   D:5 :

Annotations:
D:3 2 transporters
D:4 1 runed translucent door, Crazy Yiuf
D:5 Edmund

##.#######.#
.# #.# #.#
#.# #.# #
#.# #.#
#.#.# #.#
#.# ##.#.#
#.# #.#
#....#
##.#####.##
#..#.#
#.........#
#..#.#
##.......##
...# #
#######h#
#..#
......@l.#
#.##
##########
#..# ##.#
...# ...#
...# ..<#


You could see Edmund and an iguana.


Message History

You drop 2 scrolls of noise {!r}.
As you read the scroll labelled JEOGGEISMICZU, it crumbles to dust.
A profound silence engulfs you.
It was a scroll of silence.
Magic scrolls do not work when you're silenced!
An adder comes into view.
Your hearing returns.
The helpless adder fails to defend itself.
You bludgeon the adder!
You kill the adder!
Qazlal accepts your kill.
An iguana comes into view.
Edmund the Younger comes into view.
He is wielding a +2 heavy flail.
The helpless Edmund fails to defend himself.
You bludgeon Edmund! Your grab misses Edmund. Your squeeze misses Edmund.
Edmund is lightly wounded.
Edmund hits you with a +2 heavy flail!
The iguana hisses angrily.
You barely miss Edmund. You grab Edmund. You squeeze Edmund.
Edmund is moderately wounded.
You constrict Edmund. The iguana bites you!
Edmund hits you with a +2 heavy flail!
* * * LOW HITPOINT WARNING * * *
You tentacle-slap Edmund but do no damage.
Edmund is moderately wounded.
You constrict Edmund. The iguana bites you.
* * * LOW HITPOINT WARNING * * *
You tentacle-slap Edmund. You squeeze Edmund.
Edmund is moderately wounded.
You constrict Edmund. Edmund hits you with a +2 heavy flail!
You die...

Skill      XL: |  1  2  3  4  5  6  7 |
---------------+----------------------+-----
Unarmed Combat | 3 4 5 6 |  6.5
Shapeshifting  | 4 5 6 |  6.0
Fighting       | |  2.0
Dodging        | |  2.0

Action                     |  1- 3 |  4- 6 |  7- 9 || total
---------------------------+-------+-------+-------++-------
  Melee: Unarmed           |    50 |   114 |    47 ||   211
         Tentacles         |    13 |    24 |    17 ||    54
         Constrict         |    13 |    35 |    13 ||    61
         Punch             |       |     5 |     1 ||     6
  Evoke: Wand              |       |     2 |     1 ||     3
    Use: Scroll            |       |       |     8 ||     8
   Stab: Sleeping          |     8 |     7 |     4 ||    19
         Distracted        |       |       |     1 ||     1
 Armour: Skin              |       |     3 |     3 ||     6
  Dodge: Dodged            |    28 |    40 |    10 ||    78
  Block: Buckler           |     3 |    22 |     3 ||    28
         Reflection        |       |     1 |       ||     1

Levels and vault maps discovered:
D:1:      lemuel_arrival_lava_pool, layout_basic
D:2:      layout_loops_corners, serial_shops, shop, serial_undead,
          serial_undead_e, serial_undead_d, serial_undead_a, serial_undead_d,
          uniq_jessica
D:3:      layout_loops_ring, old_standard_altar,
          gammafunk_temple_overflow_arena, old_standard_altar,
          cheibrodos_sewer_entry_drain
D:4:      layout_loops_cross, grunt_qazlal_sundering, uniq_natasha,
          uniq_crazy_yiuf_cottage, uniq_grinder
D:5:      layout_basic, temple_doors_e, enter_ossuary_1, serial_shops,
          nicolae_shop_behind_doors, uniq_duvessa, uniq_edmund

Notes
Turn   | Place    | Note
-------+----------+-------------------------------------------
     0 | D:1      | AIAndy the Octopode Shapeshifter began the quest for the
                  | Orb.
     0 | D:1      | Reached XP level 1. HP: 14/14 MP: 1/1
   140 | D:1      | Reached XP level 2. HP: 15/19 MP: 2/2
   554 | D:1      | Reached XP level 3. HP: 18/24 MP: 3/3
  1083 | D:2      | Found Quaf's Armour Shop.
  1127 | D:2      | Noticed Jessica
  1134 | D:2      | Killed Jessica
  1135 | D:2      | Reached skill level 3 in Unarmed Combat
  1135 | D:2      | Reached XP level 4. HP: 24/29 MP: 4/4
  1479 | D:2      | Identified the +0 robe of Qacoa {Regen+ rCorr Str+4 Int-4}
  1709 | D:2      | Reached skill level 4 in Shapeshifting
  1915 | D:2      | Reached XP level 5. HP: 31/34 MP: 5/5
  2264 | D:3      | Found a glowing drain.
  2292 | Sewer    | Entered a sewer
  2327 | Sewer    | Noticed a water moccasin
  2332 | Sewer    | Killed a water moccasin
  2333 | Sewer    | Reached skill level 4 in Unarmed Combat
  2333 | Sewer    | Reached XP level 6. HP: 39/39 MP: 6/6
  2352 | Sewer    | Got the Guide on the Congregation
  2416 | D:3      | Found an ancient bone altar of Kikubaaqudgha.
  2436 | D:3      | Found a blossoming altar of Fedhas.
  2851 | D:3      | Found a shadowy altar of Dithmenos.
  2995 | D:3      | Found a transporter.
  3000 | D:3      | Found a transporter.
  3213 | D:4      | HP: 3/39 [orc/+0 short sword (4)]
  3355 | D:3      | Reached skill level 5 in Unarmed Combat
  3530 | D:4      | Reached skill level 5 in Shapeshifting
  3569 | D:4      | Reached XP level 7. HP: 45/45 MP: 7/7
  3728 | D:4      | Noticed Grinder
  3735 | D:4      | Killed Grinder
  3741 | D:4      | Reached skill level 6 in Unarmed Combat
  3903 | D:4      | Noticed Natasha
  3910 | D:4      | Killed Natasha
  3931 | D:4      | Found a stormy altar of Qazlal.
  3943 | D:4      | Became a worshipper of Qazlal Stormbringer
  4038 | D:4      | Found a runed translucent door.
  4039 | D:4      | Noticed Crazy Yiuf
  4230 | D:4      | Noticed Natasha
  4237 | D:4      | Killed Natasha
  4392 | D:4      | Noticed Natasha
  4397 | D:4      | Killed Natasha
  4398 | D:4      | Reached skill level 6 in Shapeshifting
  4398 | D:4      | Reached XP level 8. HP: 45/50 MP: 8/8
  4600 | D:5      | Entered Level 5 of the Dungeon
  4602 | D:5      | Found a staircase to the Ecumenical Temple.
  4629 | D:5      | Found Denaick's Book Emporium.
  4684 | D:5      | Noticed Edmund
  4688 | D:5      | Slain by Edmund

Vanquished Creatures
  Grinder (D:4)
  A water moccasin (Sewer)
  2 scorpions (D:4)
  A hound (D:4)
  2 orc priests (D:3)
  An iguana (D:4)
  Jessica (D:2)
  An orc wizard (D:4)
  A sleepcap (D:5)
  Natasha (thrice) (D:4)
  8 adders
  An adder zombie (D:2)
  3 adder skeletons (D:2)
  5 worms
  2 dart slugs
  14 orcs
  10 endoplasms
  7 giant cockroaches
  11 goblins
  7 hobgoblins
  3 jackals (D:1)
  5 kobolds
  3 quokkas
  12 ball pythons
  2 bats
  A frilled lizard (D:1)
  7 rats
115 creatures vanquished.

Table legend: (Time is in decaauts)
 A = Elapsed time spent in this place.
 B = Non-inter-level travel time spent in this place.
 C = Inter-level travel time spent in this place.
 D = Time resting spent in this place.
 E = Time spent auto-exploring this place.
 F = Levels seen in this place.
 G = Mean time per level.
                   A        B        C        D        E       F      G
               +--------+--------+--------+--------+--------+-----+--------+
         Total |   4679 |   4426 |    253 |    287 |   3333 |   6 |  779.8 |
       Dungeon |   4564 |   4311 |    253 |    287 |   3251 |   5 |  912.8 |
         Sewer |    115 |    115 |      0 |      0 |     82 |   1 |  115.0 |
               +--------+--------+--------+--------+--------+-----+--------+

Top non-repeatable levels by time:
     D:4: 1198 daAuts
     D:2: 1192 daAuts
     D:1: 1081 daAuts
     D:3: 1005 daAuts
   Sewer: 115 daAuts
     D:5: 87 daAuts

Table legend:
 A = Non-vault XP
 B = Vault XP
 C = Vault XP percentage of total XP
 D = Non-vault monster count
 E = Vault monster count
 F = Vault count percentage of total count
                 A         B        C        D         E       F
            +---------+---------+-------+---------+---------+-------
      Total |     776 |     502 |  39.3 |     104 |      11 |   9.6
            +---------+---------+-------+---------+---------+-------
        D:1 |      47 |       0 |   0.0 |      27 |       0 |   0.0
        D:2 |      83 |      58 |  41.1 |      21 |       5 |  19.2
        D:3 |     169 |       7 |   4.0 |      32 |       3 |   8.6
        D:4 |     425 |     297 |  41.1 |      21 |       2 |   8.7
        D:5 |      52 |       0 |   0.0 |       3 |       0 |   0.0
      Sewer |       0 |     140 | 100.0 |       0 |       1 | 100.0
            +---------+---------+-------+---------+---------+-------
